Map: Tourmaline LE

Players

Mythshaker

  • Race: Protoss Protoss
  • Spawn Location: 1:00

Greatplayer - Winner!

  • Race: Zerg Zerg
  • Spawn Location: 7:00

VOD

Have the link to the VOD?

Description

Time

  • Played on: Nov. 23, 2025, 12:17 a.m.
  • Length: 20:34
Show
View Real Time Build Order
Export as new Build Order

Mythshaker Protoss 

Build Orders:  

Get SALT Encoding   

  12  0:14  Pylon  
  12  0:19  Probe  
  12  0:27  Probe  
  14  0:38  Forge  
  14  0:56  Pylon  
  14  1:05  Pylon  
  14  1:19  Photon Cannon  
  14  1:30  Pylon  
  14  1:41  Pylon  
  13  2:06  Photon Cannon  
  13  2:18  Probe  
  14  2:26  Probe  
  14  2:27  Pylon  
  14  2:32  Assimilator  
  14  2:36  Probe  
  15  2:38  Pylon  
  15  2:39  Photon Cannon  
  16  2:48  Probe  
  17  3:14  Photon Cannon  
  17  3:20  Gateway  
  17  3:24  Pylon  
  17  3:27  Pylon  
  17  3:45  Pylon  
  17  3:48  Probe  
  18  3:56  Probe  
  19  4:04  Probe  
  20  4:12  Cybernetics Core  
  20  4:16  Probe  
  21  4:21  Photon Cannon  
  21  4:23  Nexus  
  21  4:35  Assimilator  
  21  4:39  Probe  
  22  4:47  Probe  
  23  4:57  Probe  
  24  5:04  Shield Battery  
  24  5:08  Pylon  
  24  5:09  Probe  
  24  5:10  Photon Cannon  
  25  5:45  Photon Cannon  
  25  5:48  Shield Battery  
  25  5:58  Probe  
  26  6:05  Pylon  
  26  6:10  Probe  
  27  6:11  Photon Cannon  
  27  6:22  Probe  
  28  6:28  Stargate  
  28  6:34  Probe  
  28  6:37  Stargate  
  29  6:42  Protoss Air Weapons Level 1  
  29  6:43  Probe  
  29  6:45  Cybernetics Core  
  30  6:51  Probe  
  30  7:00  Probe  
  31  7:02  Pylon  
  31  7:06  Pylon  
  32  7:10  Protoss Shields Level 1  
  32  7:11  Pylon  
  32  7:12  Probe  
  32  7:14  Pylon  
  33  7:18  Pylon  
  33  7:21  Pylon  
  33  7:24  Probe  
  33  7:29  Assimilator  
  34  7:35  Assimilator  
  34  7:51  Pylon  
  34  7:56  Probe  
  34  8:02  Photon Cannon  
  34  8:04  Probe  
  36  8:13  Shield Battery  
  36  8:14  Probe  
  36  8:15  Pylon  
  37  8:20  Photon Cannon  
  37  8:26  Probe  
  38  8:38  Shield Battery, Probe  
  39  8:42  Pylon  
  39  8:45  Photon Cannon  
  39  8:50  Probe  
  39  8:53  Pylon  
  40  9:02  Probe  
  41  9:14  Probe  
  50  9:25  Void Ray x2  
  50  9:37  Protoss Air Armor Level 1  
  58  10:08  Void Ray x2  
  58  10:14  Protoss Ground Armor Level 1  
  58  10:20  Fleet Beacon  
  58  10:55  Photon Cannon  
  66  11:19  Flux Vanes  
  66  11:39  Carrier x2  
  61  12:15  Protoss Air Armor Level 2  
  61  12:17  Protoss Air Weapons Level 2  
  61  12:22  Mothership  
  61  12:33  Twilight Council  
  61  12:43  Robotics Facility, Carrier x2  
  73  13:57  Tempest x2  
  81  15:06  Tempest x2  
  89  15:18  Protoss Air Weapons Level 3  
  89  15:26  Protoss Air Armor Level 3  
  89  15:29  Templar Archives  
  89  15:32  Dark Shrine  
  53  16:37  Tempest x2  
  61  16:52  Unknown  
  61  17:04  Protoss Shields Level 2  
  61  17:20  Tempest x2  
  61  17:44  Psionic Storm  
  57  18:00  Anion Pulse-Crystals  
  57  18:04  Phoenix x2  
  61  18:29  Phoenix x2  
  45  19:06  Carrier  
Show
View Real Time Build Order
Export as new Build Order

Greatplayer Zerg - Winner!

Build Orders: Hatch First 

Get SALT Encoding   

  12  0:01  Drone  
  13  0:13  Overlord  
  13  0:22  Drone  
  14  0:32  Drone x2  
  16  0:36  Drone  
  17  0:54  Hatchery  
  16  1:19  Spawning Pool  
  15  1:27  Drone  
  16  1:51  Drone x3  
  19  2:10  Extractor  
  19  2:11  Queen  
  20  2:19  Queen  
  20  2:22  Drone  
  23  2:29  Zergling x4  
  25  2:35  Drone  
  26  2:40  Zergling x4  
  28  3:02  Extractor, Drone  
  28  3:04  Overlord x2  
  28  3:21  Metabolic Boost, Evolution Chamber  
  25  3:35  Baneling Nest  
  25  3:38  Spore Crawler  
  25  3:40  Spore Crawler  
  22  3:47  Drone x3  
  25  3:53  Drone  
  26  3:59  Drone  
  27  4:13  Zerg Ground Armor Level 1  
  27  4:17  Drone  
  27  4:21  Drone  
  29  4:28  Zergling x2  
  29  4:29  Zergling x2  
  30  4:56  Zergling x6  
  30  4:57  Zergling x6  
  35  5:14  Lair  
  35  5:26  Drone  
  35  5:27  Drone x2  
  38  5:30  Baneling x5  
  30  5:57  Zergling x10  
  30  5:58  Zergling x6  
  38  6:07  Zerg Melee Weapons Level 1  
  38  6:09  Drone  
  38  6:10  Drone  
  40  6:11  Hatchery  
  40  6:15  Overlord  
  39  6:21  Baneling  
  39  6:22  Baneling  
  39  6:24  Centrifugal Hooks  
  39  6:32  Drone x3  
  42  6:40  Baneling x2  
  42  6:52  Infestation Pit  
  41  6:58  Overseer  
  41  7:17  Queen  
  41  7:18  Drone  
  41  7:19  Drone x2  
  46  7:28  Neural Parasite  
  46  7:38  Drone x2  
  48  7:52  Hydralisk Den  
  48  7:55  Infestor  
  49  8:01  Zerg Ground Armor Level 2  
  49  8:26  Spire  
  48  8:36  Hatchery  
  47  8:45  Zergling x4  
  47  8:46  Zergling x8  
  47  8:47  Hydralisk x2  
  57  8:49  Hatchery  
  57  8:54  Drone x2  
  58  8:58  Overlord  
  58  8:59  Overlord  
  58  9:00  Overlord x3  
  58  9:02  Extractor  
  58  9:05  Extractor  
  56  9:18  Drone x5  
  56  9:19  Drone x4  
  56  9:20  Drone x2  
  66  9:35  Grooved Spines  
  66  9:43  Extractor  
  65  9:45  Extractor  
  65  9:52  Mutalisk  
  66  9:58  Queen  
  68  10:04  Mutalisk  
  70  10:08  Mutalisk  
  72  10:17  Zerg Missile Weapons Level 1  
  72  10:25  Muscular Augments  
  72  10:32  Hydralisk x4  
  72  10:34  Hydralisk x3  
  72  10:35  Hydralisk  
  86  10:38  Hydralisk  
  86  10:40  Hydralisk  
  90  10:45  Drone  
  90  10:48  Drone x2  
  93  10:58  Drone  
  93  11:03  Spore Crawler  
  91  11:13  Hive  
  91  11:18  Zerg Flyer Weapons Level 1  
  91  11:23  Burrow  
  91  11:31  Overlord x2  
  82  12:00  Hydralisk x5  
  81  12:01  Hydralisk  
  81  12:06  Hydralisk  
  77  12:13  Mutalisk  
  79  12:21  Drone x3  
  82  12:28  Drone  
  82  12:29  Drone x2  
  85  12:32  Drone x2  
  87  12:37  Drone x2  
  87  12:41  Drone x2  
  87  12:53  Hydralisk x2  
  87  12:55  Mutalisk  
  93  13:03  Overlord x3  
  93  13:12  Zerg Flyer Armor Level 1  
  93  13:16  Overlord x2  
  89  13:29  Corruptor x2  
  89  13:30  Corruptor  
  95  13:45  Hydralisk  
  95  13:46  Hydralisk  
  95  13:47  Hydralisk x2  
  103  13:48  Hydralisk  
  105  14:01  Overseer x2  
  105  14:02  Spore Crawler  
  104  14:12  Hydralisk x2  
  104  14:13  Hydralisk x4  
  104  14:14  Hydralisk  
  104  14:15  Hydralisk  
  114  14:24  Corruptor  
  114  14:25  Corruptor  
  118  14:33  Drone  
  118  14:34  Drone x5  
  118  14:37  Drone  
  125  14:39  Drone x2  
  125  14:42  Drone  
  128  14:56  Infestor  
  128  14:58  Infestor  
  132  15:00  Infestor  
  132  15:03  Overlord  
  132  15:04  Overlord x4  
  132  15:06  Zerg Flyer Weapons Level 2  
  134  15:15  Zerg Ground Armor Level 3  
  134  15:22  Drone x3  
  137  15:37  Infestor  
  137  15:49  Hydralisk x21  
  90  16:34  Hydralisk x4  
  90  16:35  Hydralisk x4  
  90  16:36  Hydralisk x2  
  90  16:37  Hydralisk x2  
  98  16:40  Hydralisk x3  
  100  16:54  Corruptor x3  
  100  16:55  Corruptor x2  
  100  16:56  Corruptor  
  100  17:00  Corruptor x3  
  116  17:21  Zerg Flyer Armor Level 2  
  112  17:31  Corruptor  
  112  17:32  Corruptor x2  
  112  17:33  Corruptor x3  
  124  17:50  Corruptor  
  126  17:51  Zerg Missile Weapons Level 2  
  126  17:52  Corruptor  
  126  17:54  Corruptor x3  
  134  18:06  Hydralisk x2  
  134  18:07  Hydralisk  
  134  18:08  Hydralisk  
  142  18:16  Ultralisk Cavern  
  141  18:52  Zergling x6  
  141  18:53  Zergling x6  
  141  18:54  Zergling x4  
  141  18:55  Overlord  
  141  18:56  Zergling x2  
  127  19:32  Baneling x6  
  127  19:33  Baneling x2  
  126  19:38  Zergling x2  
  126  19:39  Zergling x6  
  126  19:40  Zergling x6  
  126  19:41  Zergling x4  
  126  19:42  Zergling x6  
  126  19:43  Zergling x4  
  126  19:44  Zergling x2  
  138  20:06  Zergling x4  
  139  20:07  Zergling x2  
  139  20:08  Zergling x2  
  139  20:09  Zergling x4  
Tags
 
Matchup
PvZ
Spawn Locations
Cross Positions
Add a new tag
Caveats
  • Supply blocks, unpowered buildings, or Contaminate may cause inaccurate times.
  • Supply counts are checked every 10 seconds.